 Dungeon Crawl Stone Soup version 0.25.0-9-g26727b657a (webtiles) character file.

Game seed: 7161649752245680555

27 HoaS the Shield-Bearer (level 3, -2/23 HPs)
             Began as a Gargoyle Fighter on June 17, 2020.
             Slain by a shadow imp (3 damage)
             ... summoned by Natasha
             ... on level 1 of the Dungeon.
             The game lasted 00:02:16 (520 turns).

HoaS the Shield-Bearer (Gargoyle Fighter)            Turns: 520, Time: 00:02:17

Health: -2/23      AC: 10    Str: 20    XL:     3   Next: 10%
Magic:  3/3        EV:  7    Int:  8    God:
Gold:   92         SH:  9    Dex:  9    Spells: 2/2 levels left

rFire    . . .     SeeInvis .   a - +0 flail
rCold    . . .     Gourm    .   c - +0 kite shield
rNeg     + . .     Faith    .   b - +0 scale mail
rPois    ∞         Spirit   .   (no helmet)
rElec    +         Reflect  .   (no cloak)
rCorr    .         Harm     .   (no gloves)
MR       .....                  (no boots)
Stlth    ..........             (no amulet)
HPRegen  0.07/turn              (no ring)
MPRegen  0.08/turn              (no ring)

@: mighty
A: negative energy resistance 1, electricity resistance, unbreathing,
petrification resistance, rot immunity, AC +3
a: no special abilities


You were on level 1 of the Dungeon.
You were not hungry.

You visited 1 branch of the dungeon, and saw 2 of its levels.

You collected 92 gold pieces.

Inventory:

Hand Weapons
 a - a +0 flail (weapon)
Armour
 b - a +0 scale mail (worn)
 c - a +0 kite shield (worn)
Scrolls
 e - a scroll of teleportation {unknown}
Comestibles
 f - 3 rations
 g - 3 chunks of flesh


   Skills:
 + Level 3.6 Fighting
 * Level 2.8 Maces & Flails
 - Level 3.2 Armour
 + Level 3.6 Shields


You had 2 spell levels left.
You didn't know any spells.
Your spell library was empty.

Dungeon Overview and Level Annotations

Branches:
Dungeon (2/15)

Altars:

Annotations:
D:1 Natasha


Innate Abilities, Weirdness & Mutations

You are resistant to torment.
Your stone body is resilient. (AC +3)
You are immune to poison.
You resist negative energy. (rN+)
You are resistant to electric shocks. (rElec)
You can survive without breathing.
You are immune to petrification.
You are immune to rotting.


Message History

You block the worm's attack.
Natasha drinks a potion.
Natasha seems to grow stronger.
The worm bites you but does no damage. Natasha claws you.
You climb upwards.
There is a stone staircase leading down here.
You closely miss Natasha. Natasha claws you. The worm bites you.
Your shield and scale mail prevent you from hitting Natasha.
Natasha casts a spell at you.
The magic dart hits you but does no damage.
You barely miss Natasha. Natasha claws you but does no damage.
The worm bites you.
Natasha casts a spell.
You feel very mighty all of a sudden. The worm bites you! Natasha claws you.
* * * LOW HITPOINT WARNING * * *
The shadow imp hits you but does no damage.
You barely miss Natasha. Natasha claws you but does no damage.
The shadow imp sputters.
The shadow imp hits you.
You die...

........#...≈≈≈.......###.###
........#...≈≈≈.......##....#
........#...≈≈≈.).≈(..##....#
........#...#≈≈≈.≈≈≈#.##....#
........#...#≈≈≈≈≈≈≈#......(#
........>...#########.......#
.......#....................#
.........................####
.##....#...#...w@5.......#
###...........##h..##.#..#####
...........##..##..##........#
.##.#.#!#..###.##......#####.#
....#.#.#......##...#..# #.#
###........######..##.## ###.####
....#........##....##.# #.......
##.....#..............####.......
##.#..#.........................


You could see a worm, Natasha (strong) and a shadow imp (summoned).

Vanquished Creatures
  A dart slug (D:1)
  4 giant cockroaches (D:1)
  A goblin (D:1)
  4 hobgoblins (D:1)
  3 jackals (D:1)
  A kobold (D:1)
  5 bats (D:1)
  A frilled lizard (D:1)
  A rat (D:1)
21 creatures vanquished.

Notes
Turn   | Place    | Note
-------+----------+-------------------------------------------
     0 | D:1      | HoaS the Gargoyle Fighter began the quest for the Orb.
     0 | D:1      | Reached XP level 1. HP: 14/14 MP: 1/1
    92 | D:1      | Reached XP level 2. HP: 17/19 MP: 2/2
   309 | D:1      | Reached XP level 3. HP: 22/23 MP: 3/3
   511 | D:2      | Noticed Natasha
   519 | D:1      | HP: 1/23 [Natasha (5)]
   520 | D:1      | Slain by a shadow imp

Illustrated notes

Levels and vault maps discovered:
D:1:      dpeg_arrival_pond, layout_rooms, chequers_serial_rivers_micro_d
D:2:      layout_loops_corners, chequers_ecumenical_altar_simple_redux,
          first_ration, uniq_jessica, uniq_natasha

Action                   || total
-------------------------++-------
Melee: Flail             ||    98
  Use: Scroll            ||     4
       Potion            ||     1
Armor: Scale mail        ||    83
Dodge: Dodged            ||    38
Block: Kite shield       ||    68
